 Dungeon Crawl Stone Soup version 0.21-a0-225-g207ae17 (webtiles) character file.

2846 Moloch the Severer (level 9, 0/70 HPs)
             Began as a Hill Orc Fighter on Aug 28, 2017.
             Was a Follower of Beogh.
             Slain by an orc warrior
             ... wielding a +0 hand axe
              (19 damage)
             ... on level 7 of the Dungeon.
             The game lasted 00:10:33 (6160 turns).

Moloch the Severer (Hill Orc Fighter)               Turns: 6160, Time: 00:10:34

Health: 0/70       AC:  7    Str: 22    XL:     9   Next: 74%
Magic:  9/9        EV:  7    Int:  8    God:    Beogh [*.....]
Gold:   349        SH:  9    Dex: 10    Spells: 8/8 levels left

rFire    + . .     SeeInvis .   a - +0 war axe
rCold    + . .     Gourm    .   c - +0 shield
rNeg     + . .     Faith    +   b - +1 scale mail
rPois    .         Spirit   .   (no helmet)
rElec    .         Reflect  .   e - scarf {rC+ rF+}
rCorr    .         Harm     .   (no gloves)
MR       .....                  (no boots)
Stlth    ..........             A - amulet of faith
HPRegen  0.21/turn              l - ring of positive energy
MPRegen  0.11/turn              (no ring)

@: no status effects
A: no striking features
a: Renounce Religion


You were on level 7 of the Dungeon.
You worshipped Beogh.
Beogh was aware of your devotion.
You were not hungry.

You visited 1 branch of the dungeon, and saw 7 of its levels.

You collected 349 gold pieces.

Inventory:

Hand Weapons
 a - a +0 war axe (weapon)
 w - a +0 flail
Armour
 b - a +1 scale mail (worn)
 c - a +0 shield (worn)
 e - a scarf of resistance (worn)
Jewellery
 l - a ring of positive energy (left hand)
 A - an amulet of faith (around neck)
Wands
 n - a wand of digging (19/24)
 p - a wand of lightning (9/15)
Scrolls
 h - 2 scrolls of magic mapping
 j - 3 scrolls of remove curse
 k - 3 scrolls of recharging
 r - a scroll of enchant armour
 s - a scroll of immolation {unknown}
 v - a scroll of amnesia {unknown}
 y - a scroll of identify
 z - a scroll of random uselessness {unknown}
Potions
 d - a potion of might
 i - 2 potions of lignification {unknown}
 m - a potion of curing
 o - a potion of brilliance
 t - a potion of invisibility
 u - a potion of heal wounds {unknown}
 x - a potion of ambrosia {unknown}
Books
 q - a book of Geomancy

   Spells                             Type                      Level
   a - Sandblast                      Earth                        1
   b - Passwall                       Transmutation/Earth          2
   c - Stone Arrow                    Conjuration/Earth            3
   d - Petrify                        Transmutation/Earth          4
   e - Lee's Rapid Deconstruction     Earth                        5
Comestibles
 f - 5 bread rations
 g - 5 meat rations


   Skills:
 - Level 3.6 Fighting
 + Level 16.0 Axes
 - Level 3.2 Armour
 - Level 3.2 Shields


You had 8 spell levels left.
You didn't know any spells.

Dungeon Overview and Level Annotations

Branches:
Dungeon (7/15)             Temple (0/1) D:5

Altars:
Cheibriados
Elyvilon
Hepliaklqana
Ru
Trog
Wu Jian
Xom
Yredelemnul

Annotations:
D:3 Sigmund


Message History

You hit the orc. You block the orc's attack.
The orc warrior hits you with a hand axe!
You slash the orc!
You kill the orc!
Beogh accepts your kill.
Your scale mail prevents you from hitting the orc warrior.
You barely miss the orc warrior.
The orc warrior is moderately wounded.
The orc warrior hits you with a hand axe!
You are too injured to fight recklessly!
You are too injured to fight recklessly!
Unknown command.
You hit the orc warrior but do no damage.
The orc warrior is moderately wounded.
The orc warrior hits you with a hand axe!
* * * LOW HITPOINT WARNING * * *
You barely miss the orc warrior.
The orc warrior is moderately wounded.
The orc warrior hits you with a hand axe!!
You die...

#### .......
####...##.......
.......#.......
#.....#.......
#.....#.......
#.....#.......
#.....#.......
#.....@)......
#.....#o......
#.....#.......
#.....#.......
#.....#.......
#.....#.......
#.....#.......
####...##.......
#...#####...


You could see an orc warrior.

Vanquished Creatures
  Grinder (D:4)
  The ghost of HyperMack the Insei, an amateur KoTm (D:4)
  2 ice beasts
  2 ogres
  2 phantoms (D:5)
  A centaur (D:6)
  8 big kobolds (D:3)
  4 bullfrogs (D:6)
  2 scorpions
  A howler monkey (D:6)
  2 crimson imps (D:6)
  A bullfrog zombie (D:4)
  A jelly (D:7)
  A quasit (D:5)
  A hound (D:5)
  A bullfrog skeleton (D:4)
  8 iguanas
  3 worker ants
  An orc wizard (D:5)
  Ijyb (D:3)
  A worker ant zombie (D:5)
  8 gnolls
  15 adders
  2 shadow imps
  An adder zombie (D:5)
  2 adder skeletons (D:4)
  4 worms
  A dart slug (D:1)
  5 leopard geckos
  13 orcs
  2 ball pythons
  2 giant cockroaches
  6 goblins
  6 hobgoblins
  3 jackals (D:4)
  3 quokkas
  8 bats
  5 frilled lizards
  A giant cockroach zombie (D:5)
  45 kobolds
  A quokka skeleton (D:5)
  6 rats
184 creatures vanquished.

Vanquished Creatures (others)
  3 orcs (D:4)
3 creatures vanquished.

Grand Total: 187 creatures vanquished

Notes
Turn   | Place    | Note
-------+----------+-------------------------------------------
     0 | D:1      | Moloch the Hill Orc Fighter began the quest for the Orb.
     0 | D:1      | Reached XP level 1. HP: 19/19 MP: 1/1
    18 | D:1      | Reached skill level 3 in Axes
    73 | D:1      | Reached XP level 2. HP: 25/26 MP: 2/2
   133 | D:1      | Reached skill level 4 in Axes
   452 | D:1      | Reached XP level 3. HP: 25/31 MP: 3/3
   520 | D:2      | Reached skill level 5 in Axes
  1055 | D:2      | Reached XP level 4. HP: 24/39 MP: 4/4
  1291 | D:3      | Noticed Ijyb
  1296 | D:3      | Killed Ijyb
  1296 | D:3      | Reached skill level 6 in Axes
  1429 | D:3      | Noticed Sigmund
  1817 | D:3      | Reached XP level 5. HP: 44/45 MP: 5/5
  1830 | D:3      | Noticed a big kobold
  1847 | D:3      | Killed a big kobold
  1847 | D:3      | Reached skill level 7 in Axes
  1873 | D:3      | Noticed a big kobold
  1879 | D:3      | Noticed a big kobold
  1883 | D:3      | Killed a big kobold
  1883 | D:3      | Reached skill level 8 in Axes
  1883 | D:3      | Reached XP level 6. HP: 39/51 MP: 6/6
  2007 | D:3      | Reached skill level 9 in Axes
  2113 | D:3      | Reached XP level 7. HP: 50/57 MP: 7/7
  2194 | D:3      | Reached skill level 10 in Axes
  2791 | D:3      | Reached skill level 11 in Axes
  2969 | D:4      | Noticed HyperMack's ghost (amateur KoTm)
  3103 | D:4      | Killed HyperMack's ghost
  3103 | D:4      | Reached skill level 12 in Axes
  3103 | D:4      | Reached XP level 8. HP: 55/64 MP: 8/8
  3175 | D:4      | Found a bloodstained altar of Trog.
  3176 | D:4      | Found a hazy altar of Hepliaklqana.
  3178 | D:4      | Found a snail-covered altar of Cheibriados.
  3178 | D:4      | Found a basalt altar of Yredelemnul.
  3180 | D:4      | Found an ornate altar of the Wu Jian Council.
  3180 | D:4      | Found a sacrificial altar of Ru.
  3181 | D:4      | Found a white marble altar of Elyvilon.
  3239 | D:4      | Noticed Grinder
  3243 | D:4      | Paralysed by Grinder for 4 turns
  3263 | D:4      | Paralysed by Grinder for 7 turns
  3438 | D:4      | Killed Grinder
  3633 | D:4      | Reached skill level 13 in Axes
  3985 | D:4      | Became a worshipper of Beogh the Brigand
  4029 | D:5      | Entered Level 5 of the Dungeon
  4285 | D:5      | Found a shimmering altar of Xom.
  4352 | D:5      | Reached skill level 14 in Axes
  4352 | D:5      | Reached XP level 9. HP: 54/70 MP: 9/9
  4484 | D:5      | Found a staircase to the Ecumenical Temple.
  5238 | D:6      | Reached * piety under Beogh
  5262 | D:6      | Reached skill level 15 in Axes
  6147 | D:7      | Reached skill level 16 in Axes
  6160 | D:7      | Slain by an orc warrior

Vault maps used:
D:1:      doesnt_arrival_eight_statues
D:3:      minmay_goblin_kobold_castle, feat_on_display, uniq_ijyb, uniq_sigmund
D:4:      grunt_temple_overflow_open, first_bread, kennysheep_generic_room_5,
          uniq_grinder
D:5:      lemuel_round_altar, minmay_temple_entry_glassed_door
D:7:      serial_shops, nicolae_shop_waterfront, grunt_livestock,
          grunt_decor_cap

Skill      XL: |  1  2  3  4  5  6  7  8  9 |
---------------+----------------------------+-----
Axes           | 3 4 5 6 8 9 12 14 16 | 16.0
Fighting       | |  3.6
Armour         | |  3.2
Shields        | |  3.2

Action                   |  1- 3 |  4- 6 |  7- 9 || total
-------------------------+-------+-------+-------++-------
Melee: War axe           |   137 |   129 |   432 ||   698
       Hand axe          |       |     2 |       ||     2
Invok: Convert to Beogh  |       |       |     1 ||     1
Evoke: Wand              |       |       |     2 ||     2
  Use: Scroll            |       |     3 |     8 ||    11
  Eat: Chunk             |       |     2 |     9 ||    11
       Bread ration      |       |     1 |       ||     1
       Royal jelly       |       |       |     1 ||     1
Armor: Scale mail        |    78 |    54 |   168 ||   300
Dodge: Dodged            |    45 |    33 |    88 ||   166
Block: Shield            |    81 |    70 |   167 ||   318

Table legend:
 A = Spawn XP
 B = Non-spawn XP
 C = Spawn XP percentage of total XP
 D = Spawn monster count
 E = Non-spawn monster count
 F = Spawn count percentage of total count
 G = Total turns spent on level
                    A         B        C        D         E        F      G
               +---------+---------+-------+---------+---------+-------+---------
         Total |     208 |    3858 |   5.1 |      17 |     167 |   9.2 |  6160
               +---------+---------+-------+---------+---------+-------+---------
           D:1 |       1 |      34 |   2.9 |       1 |      19 |   5.0 |   483
           D:2 |       3 |      52 |   5.5 |       1 |      18 |   5.3 |  1006
           D:3 |       4 |     975 |   0.4 |       2 |      60 |   3.2 |  1524
           D:4 |      64 |     945 |   6.3 |       8 |      20 |  28.6 |  1114
           D:5 |      86 |     680 |  11.2 |       4 |      24 |  14.3 |  1064
           D:6 |      50 |     991 |   4.8 |       1 |      21 |   4.5 |   936
           D:7 |       0 |     181 |   0.0 |       0 |       5 |   0.0 |    33
               +---------+---------+-------+---------+---------+-------+---------
